 Dungeon Crawl Stone Soup version 0.28-a0-1613-gdaab1c2f9b (webtiles) character file.

Game seed: 4412764862856429595

8681 mcsnuffy the Nimble (level 11, -1/72 HPs)
             Began as a Kobold Brigand on Jan 21, 2022.
             Was an Initiate of Gozag.
             Slain by a great orb of eyes (13 damage)
             ... on level 10 of the Dungeon on Jan 22, 2022.
             The game lasted 00:34:14 (12007 turns).

mcsnuffy the Nimble (Kobold Brigand)               Turns: 12007, Time: 00:34:14

Health: -1/72      AC:  8    Str: 12    XL:     11   Next: 60%
Magic:  10/11      EV: 20    Int: 13    God:    Gozag
Gold:   1224       SH: 15    Dex: 17    Spells: 10/10 levels left

rFire   . . .      SeeInvis .   C - +0 short sword (elec)
rCold   . . .      Faith    .   G - +0 kite shield
rNeg    . . .      Spirit   .   r - +1 ring mail
rPois   .          Reflect  +   (no helmet)
rElec   .          Harm     .   c - +0 cloak
rCorr   .          Rampage  .   (no gloves)
Will    .....                   j - +0 pair of boots
Stlth   +++++.....              K - amulet of reflection
HPRegen 0.22/turn               E - +4 ring of evasion
MPRegen 0.12/turn               (no ring)

@: no status effects
A: small, no large weapons, nightstalker 3
a: Renounce Religion, Potion Petition, Call Merchant, Bribe Branch


You were on level 10 of the Dungeon.
You worshipped Gozag.
Gozag was most pleased with you.
You visited 2 branches of the dungeon, and saw 11 of its levels.

You collected 1310 gold pieces.
You paid 86 gold pieces to Gozag.


Innate Abilities, Weirdness & Mutations

You are small and have problems with some larger weapons.
You are completely attuned to the shadows.


   Skills:
 - Level 10.0 Fighting
 - Level 10.0 Short Blades
 - Level 2.1 Throwing
 - Level 3.0 Armour
 + Level 10.9 Dodging
 - Level 9.0 Stealth
 + Level 4.8 Shields
 - Level 4.0 Evocations


You had 10 spell levels left.
You didn't know any spells.
Your spell library contained the following spells:

 Spells                   Type           Power      Damage    Failure   Level
 Animate Skeleton         Necr           0%         N/A       97%         1
 Freeze                   Ice            0%         1d3       97%         1
 Pain                     Necr           0%         1d4       97%         1
 Slow                     Hex            0%         N/A       97%         1
 Confusing Touch          Hex            0%         N/A       100%        3
 Frozen Ramparts          Ice            0%         1d2       100%        3
 Ignite Poison            Fire/Tmut/Pois 0%         N/A       100%        3
 Mephitic Cloud           Conj/Pois/Air  0%         N/A       100%        3
 Ozocubu's Armour         Ice            0%         N/A       100%        3
 Vampiric Draining        Necr           0%         2d6       100%        3
 Airstrike                Air            0%         N/A       100%        4
 Hailstorm                Conj/Ice       0%         3d3       100%        4
 Summon Lightning Spire   Summ/Air       0%         N/A       100%        4
 Freezing Cloud           Conj/Ice/Air   0%         6-21      100%        5
 Lightning Bolt           Conj/Air       0%         1d11      100%        5
 Ozocubu's Refrigeration  Ice            0%         4d5       100%        7

Inventory:

Hand Weapons
 y - a +1 dagger of venom
 C - a +0 short sword of electrocution (weapon)
Missiles
 q - 4 atropa-tipped darts (quivered)
 v - 13 poisoned darts
Armour
 c - a +0 cloak (worn)
 j - a +0 pair of boots (worn)
 r - a +1 ring mail (worn)
 F - a +1 pair of boots
 G - a +0 kite shield (worn)
Jewellery
 E - a +4 ring of evasion (left hand)
 K - an amulet of reflection (around neck)
Wands
 m - a wand of polymorph (11)
 A - a wand of flame (3)
 B - a wand of paralysis (11)
Scrolls
 a - a scroll of identify {@r1}
 f - 4 scrolls of noise
 g - 4 scrolls of brand weapon
 i - 2 scrolls of vulnerability
 k - 2 scrolls of enchant weapon {unknown}
 n - 2 scrolls of blinking
 o - 3 scrolls of immolation
 p - 2 scrolls of fear
 s - 4 scrolls of teleportation {@r2}
 t - a scroll of summoning {unknown}
 u - 2 scrolls of amnesia
 x - 3 scrolls of enchant armour
Potions
 b - a potion of flight {unknown}
 d - a potion of cancellation {unknown}
 h - 2 potions of attraction
 w - a potion of resistance {unknown}
 z - 17 potions of degeneration
 D - a potion of haste {unknown}
 H - a potion of berserk rage {unknown}
 I - a potion of brilliance {unknown}
 J - a potion of lignification {unknown}

Dungeon Overview and Level Annotations

Branches:
Dungeon (10/15)            Temple (1/1) D:7            Lair (0/6) D:10
    Orc: D:9-12

Altars:
Cheibriados
Elyvilon
Gozag
Hepliaklqana
Kikubaaqudgha
Makhleb
Nemelex Xobeh
Qazlal
Uskayaw
Vehumet
Wu Jian
Xom
Yredelemnul
Zin

.........▒▒....##.##
▒▒▒▒▒▒▒▒▒...▒▒▒▒▒...#..#
. ▒▒..▒▒▒▒...▒▒▒
▒▒▒....#####
.▒▒▒▒..▒.▒▒.▒▒▒.▒▒
▒▒▒.......
▒▒..▒..▒.▒.▒▒.▒▒.▒▒
▒▒▒...##
▒..▒..▒...▒▒:}(▒▒.▒ ▒
..▒▒▒... ▒..▒..▒.▒▒▒
░).$▒▒.▒ ▒...▒▒.
..▒..▒..▒ [[)▒▒G..▒
▒▒▒▒... ▒▒▒..▒..▒ ▒.
▒@▒..▒ ▒▒▒...##
.▒▒▒▒...▒ ▒ ▒.▒▒..▒
▒▒▒...### ...▒▒▒..▒ ..▒
▒.▒▒▒▒.....# ##...▒▒▒▒
.▒▒ ▒▒▒...###.# ###...▒▒
$ ▒▒....####.## #..#..▒
▒..##.###.#.###
.......▒▒
▒▒.###....###...
##.#.....▒
▒..#######......
#.#.##..▒▒
▒▒.......#.♣.....


You could see a great orb of eyes.


Message History

You hit the great orb of eyes but do no damage.
The great orb of eyes is heavily wounded.
The great orb of eyes gazes at you.
You feel your power leaking away.
You barely miss the great orb of eyes.
The great orb of eyes is heavily wounded.
The great orb of eyes closely misses you.
You hit the great orb of eyes.
The great orb of eyes is heavily wounded.
You hit the great orb of eyes.
Lightning courses through the great orb of eyes!
The great orb of eyes is severely wounded.
The great orb of eyes closely misses you.
You hit the great orb of eyes but do no damage.
The great orb of eyes is severely wounded.
You block the great orb of eyes's attack.
You barely miss the great orb of eyes.
The great orb of eyes is severely wounded.
The great orb of eyes bites you!
* * * LOW HITPOINT WARNING * * *
You hit the great orb of eyes but do no damage.
The great orb of eyes is severely wounded.
The great orb of eyes closely misses you.
You hit the great orb of eyes.
The great orb of eyes is severely wounded.
You hit the great orb of eyes but do no damage.
The great orb of eyes is severely wounded.
The great orb of eyes bites you!
You die...
Your body crumbles into a pile of gold.

Skill      XL: |  1  2  3  4  5  6  7  8  9 10 11 |
---------------+----------------------------------+-----
Short Blades   | 3 4 5 7 8 10 | 10.0
Fighting       | 3 4 6 8 10 | 10.0
Dodging        | 3 4 5 6 8 10 | 10.9
Stealth        | 6 7 9 |  9.0
Evocations     | 4 |  4.0
Armour         | 3 |  3.0
Shields        | 1 4 |  4.8
Throwing       | |  2.1

Action                   |  1- 3 |  4- 6 |  7- 9 | 10-12 || total
-------------------------+-------+-------+-------+-------++-------
Melee: Dagger            |    98 |   124 |   248 |   161 ||   631
       Punch             |     3 |     2 |     1 |     6 ||    12
       Rapier            |       |       |   135 |       ||   135
       Short sword       |       |       |       |   471 ||   471
       Falchion          |       |       |       |    29 ||    29
Throw: Dart              |     6 |     5 |    12 |     2 ||    25
Evoke: Wand              |       |       |     9 |       ||     9
  Use: Scroll            |       |     3 |     5 |     5 ||    13
       Potion            |       |       |     1 |     6 ||     7
 Stab: Sleeping          |    19 |    15 |    10 |    18 ||    62
       Distracted        |     1 |     1 |     2 |     4 ||     8
Armor: Robe              |    17 |       |       |       ||    17
       Leather armour    |       |    11 |       |       ||    11
       Ring mail         |       |    12 |    46 |    72 ||   130
Dodge: Dodged            |    53 |    78 |   248 |   344 ||   723
Block: Kite shield       |       |       |       |    94 ||    94

Levels and vault maps discovered:
D:1:      elethiomel_arrival_infinity_welcomes_careful_drivers, layout_basic,
          hellmonk_ecumenical_altar_leap_of_faith, minmay_pentomino_s4
D:2:      layout_basic
D:3:      layout_basic, dk_noncrumbling_3, minmay_randomly_rotated_circles
D:4:      layout_loops_ring, serial_rivers, chequers_serial_rivers_large_a,
          chequers_serial_rivers_small_a, chequers_serial_rivers_room_b,
          chequers_serial_rivers_micro_a, chequers_serial_rivers_micro_c,
          chequers_serial_rivers_room_a, uniq_sigmund
D:5:      layout_rooms
D:6:      layout_basic, lemuel_mausoleum_altar_yredelemnul,
          corexii_corridor_pit, uniq_menkaure, uniq_blork_the_orc
D:7:      layout_cave_pods, minmay_temple_entry_trees, st_stairs_1,
          chequers_serial_rivers_micro_d, uniq_pikel
D:8:      layout_rooms, small_statue_intersection
D:9:      layout_loops_corners, enter_bailey_7
D:10:     minmay_the_grid_four_pointed_star
          [minmay_the_grid_triangle_9x9_zippers_horizontal,
          minmay_the_grid_triangle_9x9_odd_lines,
          minmay_the_grid_triangle_9x9_negative_grid,
          minmay_the_grid_triangle_9x9_tough_junction,
          minmay_the_grid_prize_diamond_cup], layout_loops_ring,
          minmay_lair_entry_grove
Temple:   nicolae_temple_the_god_donut

Notes
Turn   | Place    | Note
-------+----------+-------------------------------------------
     0 | D:1      | mcsnuffy the Kobold Brigand began the quest for the Orb.
     0 | D:1      | Reached XP level 1. HP: 12/12 MP: 1/1
    66 | D:1      | Reached skill level 3 in Short Blades
   265 | D:1      | Reached XP level 2. HP: 16/17 MP: 2/2
   294 | D:1      | Reached skill level 4 in Short Blades
   750 | D:1      | Reached XP level 3. HP: 21/21 MP: 3/3
   799 | D:1      | Found a faded altar of an unknown god.
  1161 | D:1      | Reached skill level 5 in Short Blades
  1497 | D:2      | Noticed an ogre
  1536 | D:2      | Killed an ogre
  1537 | D:2      | Reached skill level 3 in Fighting
  1537 | D:2      | Reached skill level 3 in Dodging
  1537 | D:2      | Reached XP level 4. HP: 9/28 MP: 4/4
  1537 | D:2      | Reached XP level 5. HP: 10/32 MP: 5/5
  1922 | D:2      | Reached skill level 4 in Dodging
  2264 | D:2      | Reached XP level 6. HP: 37/37 MP: 6/6
  2720 | D:3      | Reached skill level 6 in Short Blades
  2720 | D:3      | Reached skill level 6 in Stealth
  3363 | D:4      | Noticed an orc warrior
  3637 | D:4      | Noticed Sigmund
  3664 | D:4      | Killed Sigmund
  3665 | D:4      | Reached skill level 7 in Short Blades
  3665 | D:4      | Reached skill level 5 in Dodging
  3665 | D:4      | Reached XP level 7. HP: 37/41 MP: 7/7
  4111 | D:4      | Reached skill level 6 in Dodging
  4301 | D:4      | Reached skill level 4 in Fighting
  4313 | D:4      | Reached XP level 8. HP: 35/48 MP: 8/8
  4569 | D:4      | Reached skill level 5 in Fighting
  4779 | D:5      | Entered Level 5 of the Dungeon
  4873 | D:5      | Reached skill level 7 in Dodging
  5133 | D:5      | Reached skill level 1 in Evocations
  5395 | D:6      | Reached skill level 2 in Evocations
  5666 | D:6      | Noticed a hornet
  5670 | D:6      | Killed a hornet
  5671 | D:6      | Reached skill level 3 in Evocations
  5731 | D:6      | Noticed Menkaure
  5751 | D:6      | Reached skill level 8 in Dodging
  5780 | D:6      | Reached skill level 6 in Fighting
  5780 | D:6      | Reached skill level 4 in Evocations
  5780 | D:6      | Reached XP level 9. HP: 35/55 MP: 9/9
  5911 | D:6      | Killed Menkaure
  5956 | D:6      | Reached skill level 7 in Fighting
  6388 | D:6      | Reached skill level 7 in Stealth
  6397 | D:6      | Noticed Blork the orc
  6420 | D:6      | Killed Blork the orc
  6479 | D:7      | Reached skill level 8 in Fighting
  6510 | D:7      | Reached skill level 1 in Armour
  6762 | D:7      | Reached skill level 2 in Armour
  6897 | D:7      | Reached skill level 3 in Armour
  6997 | D:7      | Found a staircase to the Ecumenical Temple.
  7003 | Temple   | Entered the Ecumenical Temple
  7036 | Temple   | Became a worshipper of Gozag Ym Sagoz the Greedy
  7114 | D:7      | Reached skill level 8 in Short Blades
  7354 | D:6      | Reached XP level 10. HP: 60/64 MP: 10/10
  7424 | D:6      | Reached skill level 9 in Short Blades
  7868 | D:6      | Reached skill level 10 in Short Blades
  7945 | D:6      | Found a basalt altar of Yredelemnul.
  8145 | D:8      | Reached skill level 9 in Fighting
  9004 | D:9      | Reached skill level 8 in Stealth
  9443 | D:9      | Identified the +0 chain mail "Jochozao" {rC++ Will- Str+2
                  | Dex+2}
  9563 | D:9      | Reached skill level 10 in Fighting
  9920 | D:9      | Reached skill level 9 in Stealth
 10232 | D:10     | Entered Level 10 of the Dungeon
 10235 | D:10     | Reached skill level 1 in Shields
 10353 | D:10     | Reached XP level 11. HP: 58/72 MP: 11/11
 10359 | D:10     | Reached skill level 2 in Shields
 10363 | D:10     | Reached skill level 9 in Dodging
 10705 | D:10     | Reached skill level 3 in Shields
 10780 | D:10     | Identified the +1 ring mail of Shadows and Fog {Drain rF+
                  | rN+}
 10986 | D:10     | Reached skill level 10 in Dodging
 11000 | D:10     | Reached skill level 4 in Shields
 11251 | D:10     | Found a staircase to the Lair.
 11950 | D:10     | Noticed a great orb of eyes
 11977 | D:10     | Paralysed by a great orb of eyes for 6 turns
 12007 | D:10     | Slain by a great orb of eyes

Vanquished Creatures
  A komodo dragon (D:10)
  A hornet (D:6)
  Sigmund (D:4)
  A vampire (D:10)
  A wraith (D:9)
  5 wyverns
  Menkaure (D:6)
  13 yaks
  A steam dragon (D:7)
  3 water moccasins (D:10)
  An ice beast (D:8)
  3 black bears
  A sky beast (D:7)
  A hornet zombie (D:6)
  4 necrophages
  3 orc warriors
  3 ogres
  3 centaurs
  A phantom (D:4)
  4 bullfrogs
  A kobold brigand (D:9)
  Blork the orc (D:6)
  A gnoll sergeant (D:9)
  2 scorpions
  A wyvern zombie (D:6)
  2 water moccasin zombies (D:6)
  3 wights (D:6)
  2 howler monkeys (D:8)
  3 bullfrog zombies (D:6)
  5 centaur zombies
  2 hounds
  A human zombie (D:6)
  3 centaur skeletons
  2 gnoll shamans
  6 orc priests
  A bullfrog skeleton (D:5)
  2 iguanas
  10 orc wizards
  A hound skeleton (D:2)
  A mummy (D:6)
  A howler monkey zombie (D:8)
  11 gnolls
  A howler monkey skeleton (D:7)
  7 adders
  An ufetubus (D:5)
  An adder skeleton (D:4)
  2 worms
  3 dart slugs
  31 orcs
  9 ball pythons
  9 bats
  6 endoplasms
  4 giant cockroaches
  8 goblins
  8 hobgoblins
  5 jackals (D:1)
  3 quokkas
  2 frilled lizards
  13 kobolds
  6 rats
233 creatures vanquished.

Vanquished Creatures (others)
  9 fungi (D:10)
  19 plants (D:10)
28 creatures vanquished.

Grand Total: 261 creatures vanquished

Table legend: (Time is in decaauts)
 A = Elapsed time spent in this place.
 B = Non-inter-level travel time spent in this place.
 C = Inter-level travel time spent in this place.
 D = Time resting spent in this place.
 E = Time spent auto-exploring this place.
 F = Levels seen in this place.
 G = Mean time per level.
                   A        B        C        D        E       F      G
               +--------+--------+--------+--------+--------+-----+--------+
         Total |  11673 |  11338 |    335 |   2272 |   6356 |  11 | 1061.2 |
       Dungeon |  11616 |  11305 |    311 |   2272 |   6337 |  10 | 1161.6 |
        Temple |     57 |     33 |     24 |      0 |     19 |   1 |   57.0 |
               +--------+--------+--------+--------+--------+-----+--------+

Top non-repeatable levels by time:
     D:6: 1792 daAuts
    D:10: 1670 daAuts
     D:1: 1598 daAuts
     D:9: 1516 daAuts
     D:4: 1403 daAuts
     D:3: 930 daAuts
     D:2: 796 daAuts
     D:7: 725 daAuts
     D:5: 609 daAuts
     D:8: 572 daAuts
  Temple: 57 daAuts

Table legend:
 A = Non-vault XP
 B = Vault XP
 C = Vault XP percentage of total XP
 D = Non-vault monster count
 E = Vault monster count
 F = Vault count percentage of total count
                 A         B        C        D         E       F
            +---------+---------+-------+---------+---------+-------
      Total |    7616 |    4786 |  38.6 |     188 |      45 |  19.3
            +---------+---------+-------+---------+---------+-------
        D:1 |      51 |       3 |   5.6 |      30 |       2 |   6.2
        D:2 |     215 |       0 |   0.0 |      23 |       0 |   0.0
        D:3 |      13 |     124 |  90.5 |       6 |       6 |  50.0
        D:4 |     490 |     223 |  31.3 |      26 |       1 |   3.7
        D:5 |     258 |       0 |   0.0 |       7 |       0 |   0.0
        D:6 |    1304 |    1119 |  46.2 |      24 |      14 |  36.8
        D:7 |     825 |     180 |  17.9 |       7 |       3 |  30.0
        D:8 |     746 |       0 |   0.0 |      18 |       0 |   0.0
        D:9 |    1611 |     229 |  12.4 |      28 |       5 |  15.2
       D:10 |    2103 |    2908 |  58.0 |      19 |      14 |  42.4
            +---------+---------+-------+---------+---------+-------
